 Seeded DCSS version 0.29.1-12-g30fa7ad0bf (webtiles) character file.

Game seed: 20221206 (custom seed)

7 jessy the Shooter (level 1, 16/18 HPs)
             Began as a Minotaur Hunter on Dec 9, 2022.
             Quit the game on level 1 of the Dungeon on Dec 14, 2022.
             The game lasted 00:02:42 (224 turns).

jessy the Shooter (Minotaur Hunter)                  Turns: 224, Time: 00:02:42

Health: 16/18      AC:  3    Str: 15    XL:     1   Next: 83%
Magic:  0/0        EV: 12    Int:  6    God:
Gold:   15         SH:  0    Dex: 13    Spells: 0/0 levels left

rFire   . . .      SeeInvis .   a - +0 shortbow
rCold   . . .      Faith    .   (shield currently unavailable)
rNeg    . . .      Spirit   .   c - +0 leather armour
rPois   .          Reflect  .   (helmet restricted)
rElec   .          Harm     .   (no cloak)
rCorr   .          Rampage  .   (no gloves)
Will    .....                   (no boots)
Stlth   +.........              (no amulet)
HPRegen 0.06/turn               (no ring)
MPRegen 0.07/turn               (no ring)

@: no status effects
A: horns 2, retaliatory headbutt
a: no special abilities


You were on level 1 of the Dungeon.
You visited 1 branch of the dungeon, and saw 1 of its levels.

You collected 15 gold pieces.

Inventory:

Hand Weapons
 a - a +0 shortbow (weapon)
 d - a +0 mace
Armour
 c - a +0 leather armour (worn)
Scrolls
 b - a scroll of immolation


   Skills:
 + Level 2.4 Fighting
 + Level 4.7 Ranged Weapons
 + Level 2.2 Dodging
 + Level 0.7 Stealth


You couldn't memorise any spells.
You didn't know any spells.
Your spell library was empty.

Dungeon Overview and Level Annotations

Branches:
Dungeon (1/15)

Altars:


Innate Abilities, Weirdness & Mutations

You have a pair of horns on your head.
You reflexively headbutt those who attack you in melee.


Message History

There is a fountain of clear blue water here.
You now have 15 gold pieces.
A ball python comes into view.
The ball python hisses angrily.
Fire: a) +0 shortbow
Press: ? - help, Q - select action Shift-Dir - straight line, f - ball python
Aim: a ball python (57% to hit)
You shoot an arrow. The arrow hits the ball python.
You kill the ball python!
Welcome back, jessy the Minotaur Hunter.
Game seed: 20221206 (custom seed) Press ? for a list of commands and other information.
An endoplasm comes into view.
The endoplasm quivers.
The endoplasm moves out of view.
Found a club.
A rat comes into view.
Really attack while wielding your +0 shortbow? [Y]es or [N]o only, please.
Really attack while wielding your +0 shortbow?
Okay, then.
The endoplasm freezes you.
You are frozen.
Really attack while wielding your +0 shortbow? [Y]es or [N]o only, please.
Really attack while wielding your +0 shortbow? [Y]es or [N]o only, please.
Really attack while wielding your +0 shortbow? [Y]es or [N]o only, please.
Really attack while wielding your +0 shortbow?
Okay, then.
Welcome back, jessy the Minotaur Hunter.
Game seed: 20221206 (custom seed) Press ? for a list of commands and other information.
The endoplasm hits you but does no damage.
Really attack while wielding your +0 shortbow?
Okay, then.
There are no items here.
The endoplasm attacks as you move away! The endoplasm closely misses you.
Are you sure you want to abandon this character and quit the game? (Confirm with "yes".)

##...≈≈≈'...'.......
#....~≈≈'...##'###'#
#....~≈≈#'#'#≈≈≈≈≈≈≈
#....~≈≈≈≈≈≈≈≈≈≈≈≈≈≈
#....~≈≈≈≈≈≈≈≈≈≈≈≈≈≈
#....~~~~~≈~≈~~~~~~~
#...................
###.................
#@J.##..####..##..
###.r.............
###########.....
#..... #..... #.....
######


You could see an endoplasm and a rat.

Vanquished Creatures
  A dart slug (D:1)
  2 ball pythons (D:1)
  A bat (D:1)
  A kobold (D:1)
5 creatures vanquished.

Notes
Turn   | Place    | Note
-------+----------+-------------------------------------------
     0 | D:1      | jessy the Minotaur Hunter began the quest for the Orb.
     0 | D:1      | Reached XP level 1. HP: 18/18 MP: 0/0
   197 | D:1      | Upgraded the game from 0.29.1-4-g47bece8355 to
                  | 0.29.1-12-g30fa7ad0bf
   224 | D:1      | Quit the game

Illustrated notes

Levels and vault maps discovered:
D:1:      dpeg_arrival_castle, layout_rooms, basic_ecumenical_altar,
          wander_ebering_terrifying_dragon_lair

Action                   || total
-------------------------++-------
Melee: Mace              ||     1
 Fire: Shortbow          ||    10
Armor: Leather armour    ||     3
Dodge: Dodged            ||     2
